 Dungeon Crawl Stone Soup version 0.18.1-6-gd335043 (webtiles) character file.

382 lightmor the Cleaver (level 6, -12/51 HPs)
             Began as a Minotaur Berserker on May 17, 2016.
             Was a Believer of Trog.
             Mangled by an ogre
             ... wielding a +0 giant club
              (25 damage)
             ... on level 4 of the Dungeon.
             The game lasted 00:03:22 (2737 turns).

lightmor the Cleaver (Minotaur Berserker)           Turns: 2737, Time: 00:03:23

Health: -12/51     AC:  2    Str: 24    XL:     6   Next: 47%
Magic:  5/5        EV: 12    Int:  4    God:    Trog [**....]
Gold:   126        SH:  0    Dex:  9    Spells: 0 memorised, 5 levels left

rFire  . . .     SeeInvis .     l - +0 war axe
rCold  . . .     Gourm    .     b - +0 animal skin
rNeg   . . .     Faith    .     (no shield)
rPois  +         Spirit   .     (helmet restricted)
rElec  .         Dismiss  .     (no cloak)
rCorr  .         Reflect  .     (no gloves)
SustAt .         Harm     .     (no boots)
MR     .....                    (no amulet)
Stlth  +.........               (no ring)
                                t - ring of poison resistance

@: not resistant to hostile enchantments, very unstealthy
A: retaliatory headbutt, horns 2
a: Berserk, Trog's Hand, Burn Spellbooks, Renounce Religion


You were on level 4 of the Dungeon.
You worshipped Trog.
Trog was pleased with you.
You were hungry.

You visited 1 branch of the dungeon, and saw 4 of its levels.

You collected 126 gold pieces.

Inventory:

Hand Weapons
 a - a +0 hand axe
 l - a +0 war axe (weapon)
Armour
 b - a +0 animal skin (worn)
Jewellery
 t - a ring of poison resistance (left hand)
Wands
 p - a wand of digging (14/24)
 v - a wand of polymorph (11/24)
Scrolls
 e - a scroll of remove curse {unknown}
 f - a scroll of identify {unknown}
 g - 2 scrolls of immolation
 k - a scroll of amnesia {unknown}
 n - a scroll of blinking {unknown}
 w - a scroll of recharging {unknown}
 y - 2 scrolls of enchant armour {unknown}
 z - a scroll of fog {unknown}
Potions
 h - 2 potions of might {unknown}
 i - a potion of berserk rage {unknown}
 m - 2 potions of heal wounds {unknown}
 o - 3 potions of curing {unknown}
 q - a potion of degeneration {unknown}
 r - a potion of brilliance {unknown}
 s - 2 potions of resistance {unknown}
 x - a potion of agility {unknown}
Comestibles
 c - 4 bread rations
 j - 3 meat rations
 u - 2 fruits


   Skills:
 - Level 3.6 Fighting
 * Level 8.9 Axes
 - Level 2.4 Armour
 - Level 2.1 Dodging


You had 5 spell levels left.
You didn't know any spells.

Dungeon Overview and Level Annotations

Branches:
Dungeon (4/15)
 Temple: D:4-7

Altars:
Fedhas
Kikubaaqudgha
Ru
Vehumet


Innate Abilities, Weirdness & Mutations

You reflexively headbutt those who attack you in melee.
You have a pair of horns on your head.


Message History

The ogre is lightly wounded.
The ogre barely misses you. You furiously retaliate!
You headbutt the ogre. You slash the ogre! You headbutt the ogre.
The ogre is heavily wounded.
The ogre hits you with a giant club!!
Ouch! That really hurt!
You hit the ogre but do no damage.
The ogre is heavily wounded.
The ogre hits you with a giant club!
* * * LOW HITPOINT WARNING * * *
You are too injured to fight recklessly!
You are too injured to fight recklessly!
You are too injured to fight recklessly!
Drink which item? (? for menu, Esc to quit)
Okay, then.
You are starving!
Eat which item? (? for menu, Esc to quit)
You are feeling hungry.
The ogre hits you with a giant club!!
You die...

#.............# #......... ###
#....⌠...⌠.#.## #..######.
..#.####........(...# ##..####...
#.#...............### #..........
#.######..........#####....######
#.# ##'###+#................#.
#.#######.###.###.#####.#....#.##
.........................>...#...
#.####..........@O...........+...
#.# #.......###....####.....#...
#.## #.......# #....# #.....#...
...# #.......###....# #.....#...
...###).............# #.....#...
#..#......#'####...## #.#.......
#....#........##...# #.#.######
#.#..#.##.#...##...# #.#..# #..
#.#.÷#.##.#...##...### #.##.###..


You could see an ogre.

Vanquished Creatures
  An ogre (D:4)
  A howler monkey (D:4)
  An iguana (D:4)
  Ijyb (D:2)
  2 orc wizards (D:3)
  A worker ant (D:4)
  8 adders
  A dart slug (D:1)
  3 giant geckos
  3 orcs (D:3)
  7 bats
  2 giant cockroaches
  8 goblins
  8 hobgoblins
  3 jackals (D:2)
  A quokka (D:3)
  2 giant newts
  A jackal skeleton (D:4)
  6 kobolds
  2 rats
62 creatures vanquished.

Notes
Turn   | Place    | Note
--------------------------------------------------------------
     0 | D:1      | lightmor the Minotaur Berserker began the quest for the Orb.
     0 | D:1      | Reached XP level 1. HP: 19/19 MP: 0/0
   134 | D:1      | Reached skill level 4 in Axes
   203 | D:1      | Reached XP level 2. HP: 19/26 MP: 1/1
   620 | D:2      | Found an ancient bone altar of Kikubaaqudgha.
   639 | D:2      | Reached skill level 5 in Axes
   659 | D:2      | Reached ** piety under Trog
   709 | D:2      | Reached XP level 3. HP: 28/31 MP: 2/2
  1004 | D:2      | Noticed Ijyb
  1010 | D:2      | Killed Ijyb
  1010 | D:2      | Reached skill level 6 in Axes
  1010 | D:2      | Reached XP level 4. HP: 39/39 MP: 3/3
  1128 | D:3      | Found a sacrificial altar of Ru.
  1203 | D:3      | Found a radiant altar of Vehumet.
  1328 | D:3      | Reached XP level 5. HP: 30/45 MP: 4/4
  1346 | D:3      | HP: 1/67 [something (4)]
  1348 | D:3      | Reached skill level 7 in Axes
  1646 | D:3      | Found a blossoming altar of Fedhas.
  2289 | D:4      | Reached skill level 8 in Axes
  2289 | D:4      | Reached XP level 6. HP: 45/51 MP: 5/5
  2737 | D:4      | Mangled by an ogre

Skill      XL: |  1  2  3  4  5 |
---------------+----------------+-----
Axes           | 4 5 6 8 |  8.9
Fighting       | |  3.6
Armour         | |  2.4
Dodging        | |  2.1

Action                   |  1- 3 |  4- 6 || total
-------------------------+-------+-------++-------
Melee: Hand axe          |    68 |       ||    68
       Headbutt          |     9 |     8 ||    17
       War axe           |       |    86 ||    86
Invok: Berserk           |     1 |     1 ||     2
       Trog's Hand       |       |     2 ||     2
  Use: Scroll            |       |     1 ||     1
  Eat: Chunk             |       |     6 ||     6
       Beef jerky        |       |     1 ||     1
Armor: Animal skin       |    12 |     5 ||    17
Dodge: Dodged            |    40 |    56 ||    96
